 Dungeon Crawl Stone Soup version 0.19.1 (webtiles) character file.

178 JeffiDaFish the Shield-Bearer (level 5, 0/33 HPs)
             Began as a Gargoyle Fighter on Dec 7, 2016.
             Slain by a gnoll (5 damage)
             ... on level 4 of the Dungeon.
             The game lasted 00:04:12 (2294 turns).

JeffiDaFish the Shield-Bearer (Gargoyle Fighter)    Turns: 2294, Time: 00:04:13

Health: 0/33       AC: 11    Str: 16 (19) XL:     5   Next: 58%
Magic:  5/5        EV:  7    Int:  7 (9)  God:
Gold:   207        SH:  9    Dex:  9 (10) Spells: 0 memorised, 4 levels left

rFire  . . .     SeeInvis .     a - +1 flail
rCold  . . .     Gourm    .     b - +0 scale mail
rNeg   + + .     Faith    .     c - +0 shield
rPois  ∞         Spirit   .     (no helmet)
rElec  +         Reflect  .     (no cloak)
rCorr  .         Harm     .     (no gloves)
MR     .....                    (no boots)
Stlth  ..........               h - amulet of regeneration
                                (no ring)
                                i - ring of positive energy

@: no status effects
A: negative energy resistance 1, electricity resistance, unbreathing,
petrification resistance, rot immunity, AC +4
a: no special abilities


You were on level 4 of the Dungeon.
You were not hungry.

You visited 1 branch of the dungeon, and saw 4 of its levels.

You collected 207 gold pieces.

Inventory:

Hand Weapons
 a - a +1 flail (weapon)
Armour
 b - a +0 scale mail (worn)
 c - a +0 shield (worn)
Jewellery
 h - an amulet of regeneration (around neck)
 i - a ring of positive energy (left hand)
Wands
 g - a wand of polymorph (8/24)
 p - a wand of flame (35/48)
Scrolls
 l - 2 scrolls of identify
 n - 2 scrolls of enchant weapon
Potions
 d - a potion of might
 e - a potion of resistance
 o - a potion of flight
Comestibles
 f - 4 bread rations
 j - 4 fruits
 k - a beef jerky
 m - a meat ration


   Skills:
 + Level 3.8 Fighting
 + Level 3.7 Maces & Flails
 + Level 3.7 Armour
 + Level 1.2 Dodging
 + Level 4.4 Shields


You had 4 spell levels left.
You didn't know any spells.

Dungeon Overview and Level Annotations

Branches:
Dungeon (4/15)
 Temple: D:4-7

Altars:
Elyvilon
Qazlal
Ru


Innate Abilities, Weirdness & Mutations

You are resistant to torment.
Your stone body is resilient. (AC +4)
You are immune to poison.
You resist negative energy. (rN+)
You are resistant to electric shocks. (rElec)
You can survive without breathing.
You are immune to petrification.
You are immune to rotting.


Message History

You kill the worker ant!
The gnoll hits you but does no damage. x2; The gnoll hits you with a flail.
You block the gnoll's attack. x3
You barely miss the gnoll. You block the gnoll's attack.
The gnoll hits you but does no damage. The gnoll barely misses you.
The gnoll hits you but does no damage. x2
You hit the gnoll but do no damage. You block the gnoll's attack. x2
The gnoll hits you from afar with a spear. x2
The gnoll barely misses you.
You sock the gnoll!
The gnoll is severely wounded.
The gnoll barely misses you. The gnoll hits you but does no damage.
The gnoll closely misses you. The gnoll barely misses you.
The gnoll hits you but does no damage. The gnoll barely misses you.
You block the gnoll's attack. The gnoll hits you with a flail.
The gnoll hits you but does no damage.
The gnoll hits you from afar with a spear.
* * * LOW HITPOINT WARNING * * *
The gnoll hits you.
You die...

###################
..?........>....>..
#######.....# ##........
#...........# #.......##
#...........# #.......##
#...........###.......##
+............##.......##
#.....g@......#<......##
#....[g######.#.......##
#...†gg# #.#.......##
#........ #.........#
#.......... ##.#.######
#..........# #.#.#
#..........# #...#
#..........# ##..#
...........# #...


You could see 4 gnolls.

Vanquished Creatures
  Jessica (D:2)
  2 worker ants (D:4)
  4 adders
  A worm (D:2)
  4 dart slugs
  A leopard gecko (D:3)
  2 giant cockroaches
  7 goblins
  5 hobgoblins
  7 jackals
  13 bats
  A frilled lizard (D:2)
  5 kobolds
  7 rats
60 creatures vanquished.

Vanquished Creatures (others)
  A jackal (D:2)
  A quokka (D:2)
2 creatures vanquished.

Grand Total: 62 creatures vanquished

Notes
Turn   | Place    | Note
-------+----------+-------------------------------------------
     0 | D:1      | JeffiDaFish the Gargoyle Fighter began the quest for the Orb.
     0 | D:1      | Reached XP level 1. HP: 14/14 MP: 1/1
   129 | D:1      | Reached XP level 2. HP: 19/19 MP: 2/2
   570 | D:1      | Reached XP level 3. HP: 23/23 MP: 3/3
   830 | D:2      | Reached skill level 4 in Shields
   840 | D:2      | Found a white marble altar of Elyvilon.
  1215 | D:2      | Reached XP level 4. HP: 29/29 MP: 4/4
  1335 | D:2      | Found a faded altar of an unknown god.
  1335 | D:2      | Found a sacrificial altar of Ru.
  1335 | D:2      | Noticed Jessica
  1341 | D:2      | Killed Jessica
  1345 | D:2      | Found a faded altar of an unknown god.
  1347 | D:2      | Found a faded altar of an unknown god.
  1348 | D:2      | Found a faded altar of an unknown god.
  1647 | D:3      | Found a stormy altar of Qazlal.
  1739 | D:3      | Reached XP level 5. HP: 33/33 MP: 5/5
  2258 | D:4      | Reached skill level 1 in Dodging
  2294 | D:4      | Slain by a gnoll

Skill      XL: |  1  2  3  4  5 |
---------------+----------------+-----
Shields        | 4 |  4.4
Maces & Flails | 3 |  3.7
Dodging        | 1 |  1.2
Fighting       | |  3.8
Armour         | |  3.7

Action                   |  1- 3 |  4- 6 || total
-------------------------+-------+-------++-------
Melee: Flail             |   143 |    84 ||   227
  Use: Scroll            |     8 |     3 ||    11
       Potion            |     3 |     5 ||     8
 Stab: Invisible         |       |     1 ||     1
  Eat: Chunk             |     1 |     4 ||     5
Armor: Scale mail        |    93 |    43 ||   136
Dodge: Dodged            |    64 |    36 ||   100
Block: Shield            |    79 |    53 ||   132
